 Dungeon Crawl Stone Soup version 0.31-b1-22-gc680215f68 (webtiles) character file.

Game seed: 6523786429856076066

11 Esekla the Sneak (level 2, 9/21 HPs)
             Began as an Octopode Delver on Jan 19, 2024.
             Quit the game on level 4 of the Dungeon.
             The game lasted 00:02:43 (210 turns).

Esekla the Sneak (Octopode Delver)                   Turns: 210, Time: 00:02:43

Health: 9/21       AC:  1    Str: 11    XL:     2   Next: 25%
Magic:  2/2        EV: 13    Int: 12    God:
Gold:   28         SH:  0    Dex: 13    Spells: 1/1 levels left

rFire   . . .        a - +0 falchion
rCold   . . .        (no shield)
rNeg    . . .        (helmet restricted)
rPois   .            (no amulet)
rElec   .            (no ring)
rCorr   .            (no ring)
SInv    .            (no ring)
Will    .....        (no ring)
Stlth   ++++         (no ring)
HPRegen 0.23/turn    (no ring)
MPRegen 0.08/turn    (no ring)
                     (no ring)

%: no passive effects
@: no status effects
A: almost no armour, amphibious, 8 rings, camouflage 1, gelatinous body 1,
(nimble swimmer 1), tentacles
a: no special abilities


You were on level 4 of the Dungeon.
You visited 1 branch of the dungeon, and saw 2 of its levels.

You collected 28 gold pieces.

Inventory:

Hand Weapons
 a - a +0 falchion (weapon)
Wands
 f - a wand of digging (3)
Scrolls
 b - a scroll of fog
 c - a scroll of vulnerability {unknown}
Potions
 e - a potion of haste


   Skills:
 * Level 3.1 Fighting
 * Level 2.1 Long Blades
 * Level 2.1 Dodging
 + Level 6.9 Stealth
 * Level 0.3 Spellcasting


You had one spell level left.
You didn't know any spells.
Your spell library was empty.

Dungeon Overview and Level Annotations

Branches:
Dungeon (5/15)
 Temple: D:4-7

Altars:
Ru
Sif Muna
Wu Jian


Innate Abilities, Weirdness & Mutations

You cannot wear most types of armour.
You are amphibious.
You can wear up to eight rings at the same time.
Your skin changes colour to match your surroundings (Stealth+).
Your rubbery body absorbs attacks. (AC +1, EV +1)
((You are camouflaged when in or above water. (Stealth+)))
You have tentacles for arms and can constrict up to eight enemies at once.


Message History

You open the door.
There is an open door here.
Found a shimmering blue altar of Sif Muna.
Found a stone staircase leading up.
An orc wizard comes into view. It is wielding a +0 dagger.
Found an ornate altar of the Wu Jian Council.
An orc comes into view.
It is wielding a +0 hand axe. 2 orcs come into view.
The orc shouts! x2; You hear an angry hiss.
An orc comes into view. It is wielding a +0 dagger.
The orc wizard gestures at you while chanting.
You are confused.
Okay, then.
You're too confused to move!
You bump into the metal wall.
You feel less confused.
The orc wizard hits you with a +0 dagger.
A scorpion comes into view.
The orc wizard hits you with a +0 dagger.
The orc wizard gestures at you while chanting.
The magic dart hits you!
The orc wizard points at you and mumbles some strange words.
The magic dart hits you.
* * * LOW HITPOINT WARNING * * *
Found 17 gold pieces.
As you read the scroll of fear, it crumbles to dust.
You assume a fearsome visage.
The orc wizard looks frightened!
The orc looks frightened!
The orc wizard casts a spell.
The orc wizard flickers and vanishes!
Deactivating autopickup; reactivate with Ctrl-A.
Found a stone staircase leading up.
Found a sacrificial altar of Ru.
There is a stone staircase leading up here.
You climb upwards.
Reactivating autopickup.
There is a stone staircase leading down here.
Okay, then.
Okay, then.
Are you sure you want to abandon this character and quit the game? (Confirm with "yes".)

... .#
####.#####.#
...........##
#........#
##.## .#
#.>.##.#
###..#.#
##...# #.@###
#..## #.# ...
####


There were no monsters in sight!

Vanquished Creatures
  2 ufetubi (D:5)
2 creatures vanquished.

Notes
Turn   | Place    | Note
-------+----------+-------------------------------------------
     0 | D:5      | Esekla the Octopode Delver began the quest for the Orb.
     0 | D:5      | Reached XP level 1. HP: 16/16 MP: 1/1
    95 | D:5      | Reached XP level 2. HP: 14/21 MP: 2/2
   159 | D:5      | Found a shimmering blue altar of Sif Muna.
   169 | D:5      | Found an ornate altar of the Wu Jian Council.
   184 | D:5      | Noticed a scorpion
   198 | D:5      | Found a sacrificial altar of Ru.
   210 | D:4      | Quit the game

Illustrated notes

Levels and vault maps discovered:
D:4:      layout_loops_ring, serial_shops, nicolae_shop_rolled_up,
          minmay_statues_item, minmay_misc_feat_secret_circle,
          grunt_decor_fettered
D:5:      layout_gridville, mainiacjoe_overflow_concentric_impassable,
          mainiacjoe_overflow_large_starburst

Action                     || total
---------------------------++-------
  Melee: Falchion          ||     8
         Tentacles         ||     3
         Constrict         ||     1
    Use: Scroll            ||     2
 Armour: Skin              ||    12
  Dodge: Dodged            ||    14
